 Dungeon Crawl Stone Soup version 0.29.0-4-gdea44cf6ec (webtiles) character file.

Game seed: 17204739889756374255

27 qw the Chopper (level 3, 0/21 HPs)
             Began as a Tengu Warper on Aug 28, 2022.
             Succumbed to their own poison gas
             ... on level 1 of the Dungeon.
             The game lasted 00:00:07 (994 turns).

qw the Chopper (Tengu Warper)                        Turns: 994, Time: 00:00:07

Health: 0/21       AC:  3    Str: 13    XL:     3   Next: 10%
Magic:  7/7        EV: 12    Int: 13    God:
Gold:   37         SH:  0    Dex: 13    Spells: 6/6 levels left

rFire   . . .      SeeInvis .   Y - +0 war axe
rCold   . . .      Faith    .   (no shield)
rNeg    . . .      Spirit   .   b - +0 leather armour
rPois   .          Reflect  .   (helmet restricted)
rElec   .          Harm     .   (no cloak)
rCorr   .          Rampage  .   (no gloves)
Will    .....                   (boots unavailable)
Stlth   +.........              (no amulet)
HPRegen 0.07/turn               (no ring)
MPRegen 0.10/turn               (no ring)

@: lethally poisoned (0 -> -4), weak-willed
A: beak, talons 3
a: no special abilities


You were on level 1 of the Dungeon.
You visited 1 branch of the dungeon, and saw 1 of its levels.

You collected 37 gold pieces.


Innate Abilities, Weirdness & Mutations

You have a beak for a mouth.
You have claws for feet.


   Skills:
 - Level 2.0 Fighting
 + Level 3.8 Axes
 - Level 1.0 Throwing
 - Level 1.1 Armour
 - Level 2.1 Dodging
 - Level 2.0 Spellcasting
 - Level 2.4 Translocations


You had 6 spell levels left.
You didn't know any spells.
Your spell library contained the following spells:

 Spells                   Type           Power      Damage    Failure   Level
 Blink                    Tloc           14%        N/A       19%         2
 Gell's Gravitas          Tloc           7%         N/A       36%         3
 Lesser Beckoning         Tloc           7%         N/A       36%         3
 Teleport Other           Tloc           7%         N/A       36%         3
 Manifold Assault         Tloc           7%         N/A       98%         5

Inventory:

Hand Weapons
 h - a +0 whip
 Y - a +0 war axe (weapon)
Armour
 b - a +0 leather armour (worn)
Potions
 f - a potion of brilliance {unknown}

Dungeon Overview and Level Annotations

Branches:
Dungeon (1/15)

Altars:


Message History

As you read the scroll labelled NEUKHL IM KEOQ, it crumbles to dust.
It is a scroll of identify.
Really abort (and waste the scroll)?
Done exploring.
986 ||| READING scroll labelled ACRIT EQOLUKK.
The air fills with toxic fumes!
As you read the scroll labelled ACRIT EQOLUKK, it crumbles to dust.
It was a scroll of poison.
Done exploring.
987 ||| READING scroll labelled SUNAIM LAMUCA.
As you read the scroll labelled SUNAIM LAMUCA, it crumbles to dust.
Magic quickly surges around you.
It was a scroll of vulnerability.
Done exploring.
988 ||| READING scroll labelled WOMEGA ABIEPRI.
As you read the scroll labelled WOMEGA ABIEPRI, it crumbles to dust.
It is a scroll of enchant armour.
Really abort (and waste the scroll)?
Done exploring.
989 ||| DROPPING scroll of blinking.
You drop a scroll of blinking.
Done exploring.
(D) Dungeon
Where to? (* - list waypoints, ? - help)
What level of the Dungeon? (default 1, ? - help) Sorry, I don't know how to get there.
Done exploring.
990 ||| Stepping randomly (stuck).
Really walk into that cloud of poison gas?
You enter the shallow water.
Moving in this stuff is going to be slow.
You are engulfed in poison gas.
You are poisoned.
You feel very sick.
991 ||| Stepping ~*~*~tactically~*~*~ (cloud).
You feel very sick.
You see here a scroll of blinking.
There is a lethal amount of poison in your body!
You feel sick.
There is a lethal amount of poison in your body!
You feel sick.
There is a lethal amount of poison in your body!
You die...

..........#.#####.#
..........#.......#
...........########
............>#
#########.####
#########'############
~~~~~~~~~.~~~~~¤¤¤0¤~#
77PP.P77~.~7P7.7P0¤7~#
777.7P77~.~P..77@P7P~#
~~~~~~~~~.¤¤0¤¤00¤0¤¤#
~~~~~~~...0¤¤¤0¤¤000¤#
7..7P.~.###¤¤¤PP7¤770#
PP77.P~.#¤#¤¤7P7PPPP~#
P7.7PP~.###0~77P.77P~#
~~~~~~~...¤.~~~~~~~~~#
~~~~~~~~~.~~~~~~~~~~~#
PPP7P777~.~P.P77.PPP~#


There were no monsters in sight!

Vanquished Creatures
  A dart slug (D:1)
  2 ball pythons (D:1)
  3 bats (D:1)
  3 endoplasms (D:1)
  3 goblins (D:1)
  2 hobgoblins (D:1)
  2 kobolds (D:1)
  A quokka (D:1)
  A frilled lizard (D:1)
  3 rats (D:1)
21 creatures vanquished.

Notes
Turn   | Place    | Note
-------+----------+-------------------------------------------
     0 | D:1      | qw the Tengu Warper began the quest for the Orb.
     0 | D:1      | Reached XP level 1. HP: 12/12 MP: 4/4
     0 | D:1      | 0 ||| qw: Version: 0.1-a-89-g26bdef1
     0 | D:1      | 0 ||| qw: Game counter: 3198
     0 | D:1      | 0 ||| qw: Always use a shield: true
     0 | D:1      | 0 ||| qw: God list: Okawaru
     0 | D:1      | 0 ||| qw: Allow faded altars: false
     0 | D:1      | 0 ||| qw: Do Orc after D:15 true
     0 | D:1      | 0 ||| qw: Do second Lair branch before Depths: true
     0 | D:1      | 0 ||| qw: Lair rune preference: random
     0 | D:1      | 0 ||| qw: Plans: Normal
     0 | D:1      | 0 ||| PLANNING D:1-11
   211 | D:1      | 211 ||| DROPPING +0 club.
   271 | D:1      | Reached skill level 3 in Axes
   271 | D:1      | Reached XP level 2. HP: 17/17 MP: 6/6
   313 | D:1      | 313 ||| Stepping ~*~*~tactically~*~*~ (stealth).
   580 | D:1      | 580 ||| Stepping ~*~*~tactically~*~*~ (stealth).
   710 | D:1      | Reached XP level 3. HP: 19/21 MP: 7/7
   814 | D:1      | 814 ||| SWAPPING to +0 war axe.
   815 | D:1      | 815 ||| DROPPING +0 hand axe.
   899 | D:1      | Found a faded altar of an unknown god.
   984 | D:1      | 984 ||| READING scroll labelled XENUGRE REEMI.
   985 | D:1      | 985 ||| READING scroll labelled NEUKHL IM KEOQ.
   986 | D:1      | 986 ||| READING scroll labelled ACRIT EQOLUKK.
   987 | D:1      | 987 ||| READING scroll labelled SUNAIM LAMUCA.
   988 | D:1      | 988 ||| READING scroll labelled WOMEGA ABIEPRI.
   989 | D:1      | 989 ||| DROPPING scroll of blinking.
   990 | D:1      | 990 ||| Stepping randomly (stuck).
   991 | D:1      | 991 ||| Stepping ~*~*~tactically~*~*~ (cloud).
   991 | D:1      | HP: 4/21 [poisoned by you (poison gas)]
   993 | D:1      | HP: 1/21 [poisoned by you (poison gas)]
   994 | D:1      | Succumbed to their own poison gas

Levels and vault maps discovered:
D:1:      lightli_arrival_farm, layout_basic, dilly_ecumenical_altar_fadedgnrine

Skill      XL: |  1 |
---------------+----+-----
Axes           | 3 |  3.8
Fighting       | |  2.0
Throwing       | |  1.0
Armour         | |  1.1
Dodging        | |  2.1
Spellcasting   | |  2.0
Translocations | |  2.4

Action                   || total
-------------------------++-------
Melee: Hand axe          ||    41
       Kick              ||    13
       Peck              ||     5
Throw: Boomerang         ||     7
  Use: Scroll            ||     5
Armor: Leather armour    ||    16
Dodge: Dodged            ||    19

Table legend:
 A = Non-vault XP
 B = Vault XP
 C = Vault XP percentage of total XP
 D = Non-vault monster count
 E = Vault monster count
 F = Vault count percentage of total count
                 A         B        C        D         E       F
            +---------+---------+-------+---------+---------+-------
      Total |      39 |       0 |   0.0 |      21 |       0 |   0.0
            +---------+---------+-------+---------+---------+-------
        D:1 |      39 |       0 |   0.0 |      21 |       0 |   0.0
            +---------+---------+-------+---------+---------+-------
